 Dungeon Crawl Stone Soup version 0.18.1-50-g88ac8fd (webtiles) character file.

182 Nordron the Changer (level 5, -9/33 HPs)
             Began as an Octopode Transmuter on Oct 2, 2016.
             Mangled by a phantom (10 damage)
             ... on level 5 of the Dungeon.
             The game lasted 00:12:39 (3553 turns).

Nordron the Changer (Octopode Transmuter)           Turns: 3553, Time: 00:12:41

Health: -9/33      AC:  1    Str: 10    XL:     5   Next: 61%
Magic:  8/8        EV: 12    Int: 15    God:
Gold:   195        SH:  0    Dex: 16    Spells: 1 memorised, 7 levels left

rFire  . . .     SeeInvis .     j - +0 dagger (freeze)
rCold  . . .     Gourm    .     (no shield)
rNeg   + . .     Faith    .     (helmet restricted)
rPois  .         Spirit   .     (no amulet)
rElec  .         Dismiss  .     e - ring of positive energy
rCorr  .         Reflect  .     f - +3 ring of dexterity
SustAt .         Harm     .     (no ring)
MR     .....                    (no ring)
Stlth  ++........               (no ring)
                                (no ring)
                                (no ring)
                                (no ring)

@: appendage, drained, not resistant to hostile enchantments, unstealthy
A: almost no armour, amphibious, 8 rings, constrict 8, tentacle spike 3,
camouflage 1, gelatinous body 1
a: End Transformation


You were on level 5 of the Dungeon.
You were near starving.
One of your tentacles had a temporary spike.
You visited 1 branch of the dungeon, and saw 5 of its levels.

You collected 195 gold pieces.

Inventory:

Hand Weapons
 j - a +0 dagger of freezing (weapon)
Missiles
 a - 25 arrows
Jewellery
 e - a ring of positive energy (left tentacle)
 f - a +3 ring of dexterity (right tentacle)
Scrolls
 g - 2 scrolls of identify
 i - 2 scrolls of remove curse
 l - a scroll of fear {unknown}
 p - a scroll of enchant armour {unknown}
 r - 4 scrolls of magic mapping
 t - a scroll of enchant weapon {unknown}
 u - 3 scrolls of random uselessness {unknown}
 x - a scroll of immolation {unknown}
Potions
 d - a potion of curing {unknown}
 m - 2 potions of magic {unknown}
 q - a potion of heal wounds
 s - a potion of berserk rage {unknown}
 v - a potion of cure mutation {unknown}
 w - a potion of lignification {unknown}
Books
 b - a book of Changes

   Spells                             Type                      Level
   a - Beastly Appendage              Transmutation                1
   b - Sticks to Snakes               Transmutation                2
   c - Spider Form                    Transmutation/Poison         3
   d - Ice Form                       Ice/Transmutation            4
   e - Blade Hands                    Transmutation                5
Comestibles
 c - 2 bread rations
 h - a beef jerky
 k - a royal jelly
 n - 2 fruits


   Skills:
 - Level 1.0(0.6) Fighting
 - Level 2.0(1.6) Dodging
 - Level 3.0(2.6) Unarmed Combat
 - Level 2.0(1.6) Spellcasting
 * Level 5.6(5.3) Transmutations


You had 7 spell levels left.
You knew the following spells:

 Your Spells              Type           Power        Failure   Level  Hunger
a - Beastly Appendage     Trmt           ###...       2%          1    ##.....


Dungeon Overview and Level Annotations

Branches:
Dungeon (5/15)
 Temple: D:4-7

Altars:
Pakellas
Vehumet
Xom
Yredelemnul

Shops:
D:4 =

Annotations:
D:4 Edmund
D:5 Blork the orc, Menkaure


Innate Abilities, Weirdness & Mutations

You cannot wear most types of armour.
You are amphibious.
You can wear up to eight rings at the same time.
You can use your tentacles to constrict eight enemies at once.
Your skin changes colour to match your surroundings (Stealth).
Your rubbery body absorbs attacks (AC +1).
One of your tentacles bears a large vicious spike.


Message History

Blork the orc misses you. The phantom hits you.
The phantom blinks!
Blork the orc barely misses you.
You closely miss Blork the orc. Your grab misses Blork the orc.
Your tentacle spike misses Blork the orc.
Blork the orc hits you with a flail.
You barely miss Blork the orc. Your grab misses Blork the orc.
Blork the orc barely misses you.
You are near starving!
Blork the orc hits you with a flail!
* * * LOW HITPOINT WARNING * * *
Drink which item? (? for menu, Esc to quit)
It was a potion of heal wounds.
You feel much better. Blork the orc hits you with a flail!
You hit Blork the orc. You freeze Blork the orc.
Your grab misses Blork the orc.
Blork the orc is lightly wounded.
Blork the orc hits you with a flail!
* * * LOW HITPOINT WARNING * * *
The phantom hits you!
You die...

####+##.....###
#.............#
#.............#
#.............#
#.............#
#.....#########
#.....# #..oW.#
#..@..# #.....#
##+########.....#
.............####
.............#
.............#
.............#
...#
##+######....#
#...# #
#...#....#
....##.


You could see a phantom and Blork the orc.

Vanquished Creatures
  A hound (D:5)
  A worker ant (D:4)
  2 worker ant zombies
  An adder (D:3)
  An ooze (D:2)
  An adder skeleton (D:4)
  2 worms
  A dart slug (D:2)
  5 giant geckos
  3 orcs (D:4)
  A ball python (D:2)
  2 giant cockroaches
  13 goblins
  9 hobgoblins
  4 jackals (D:1)
  2 quokkas (D:3)
  4 bats
  A giant gecko zombie (D:4)
  A giant newt (D:2)
  6 kobolds
  7 rats
68 creatures vanquished.

Notes
Turn   | Place    | Note
--------------------------------------------------------------
     0 | D:1      | Nordron the Octopode Transmuter began the quest for the Orb.
     0 | D:1      | Reached XP level 1. HP: 13/13 MP: 3/3
    63 | D:1      | Reached XP level 2. HP: 3/18 MP: 3/5
   362 | D:1      | Reached skill level 3 in Transmutations
   481 | D:1      | Reached XP level 3. HP: 14/23 MP: 3/6
  1100 | D:2      | Reached skill level 4 in Transmutations
  1306 | D:2      | Reached XP level 4. HP: 28/28 MP: 5/7
  1577 | D:3      | Found an oddly glowing altar of Pakellas.
  1711 | D:3      | Found a basalt altar of Yredelemnul.
  2029 | D:3      | Found a shimmering altar of Xom.
  2487 | D:4      | Found Acser's Jewellery Shoppe.
  2748 | D:4      | Reached skill level 5 in Transmutations
  2748 | D:4      | Reached XP level 5. HP: 11/33 MP: 6/8
  2979 | D:4      | Found a radiant altar of Vehumet.
  2988 | D:4      | Noticed Edmund
  3000 | D:5      | Entered Level 5 of the Dungeon
  3523 | D:5      | Noticed Menkaure
  3532 | D:5      | Noticed a phantom
  3534 | D:5      | Noticed Blork the orc
  3553 | D:5      | HP: 1/33 [Blork the orc/flail (13)]
  3553 | D:5      | Mangled by a phantom

Skill      XL: |  1  2  3  4 |
---------------+-------------+-----
Transmutations | 3 4 5 |  5.6
Fighting       | |  1.0
Dodging        | |  2.0
Unarmed Combat | |  3.0
Spellcasting   | |  2.0

Action                   |  1- 3 |  4- 6 || total
-------------------------+-------+-------++-------
Melee: Unarmed           |    45 |       ||    45
       Constrict         |    21 |    17 ||    38
       Tentacles         |    17 |    17 ||    34
       Kick              |    15 |    33 ||    48
       Dagger            |    38 |    92 ||   130
       Punch             |       |     2 ||     2
 Cast: Beastly Appendage |    20 |    21 ||    41
  Use: Scroll            |     5 |       ||     5
       Potion            |       |     1 ||     1
 Stab: Sleeping          |     6 |     5 ||    11
  Eat: Chunk             |     2 |     6 ||     8
Armor: Skin              |     1 |     6 ||     7
Dodge: Dodged            |    25 |    49 ||    74
